 Dungeon Crawl Stone Soup version 0.19-a0-599-g723c685 (webtiles) character file.

26540 st0uf the Cleaver (level 13, -10/103 HPs)
             Began as a Formicid Fighter on June 12, 2016.
             Was a High Priest of Uskayaw.
             Mangled by Rupert
             ... wielding a +2 triple sword of distortion
              (35 damage)
             ... on level 13 of the Dungeon.
             The game lasted 01:04:51 (12256 turns).

st0uf the Cleaver (Formicid Fighter)               Turns: 12256, Time: 01:04:52

Health: -10/103    AC:  8    Str: 25    XL:     13   Next: 58%
Magic:  9/13       EV: 15    Int:  9    God:    Uskayaw [*****.]
Gold:   881        SH: 13    Dex: 12    Spells: 0 memorised, 12 levels left

rFire  . . .     SeeInvis +     I - +1 war axe (elec)
rCold  . . .     Gourm    .     X - +1 ring mail "Jaxyv" {rPois rCorr Slay+3}
rNeg   + . .     Faith    .     c - +0 shield
rPois  +         Spirit   .     (helmet unavailable)
rElec  .         Dismiss  .     J - +0 cloak
rCorr  +         Reflect  .     (no gloves)
SustAt .         Harm     .     (no boots)
MR     +....                    (no amulet)
Stlth  +.........               p - +2 ring of dexterity
                                e - ring of positive energy

@: somewhat resistant to hostile enchantments, very unstealthy
A: permanent stasis, dig shafts and tunnels, four strong arms, antennae 3,
talons 1
a: Dig, Shaft Self, Stomp, Line Pass, Grand Finale, Renounce Religion


You were on level 13 of the Dungeon.
You worshipped Uskayaw.
Uskayaw was extremely pleased with you.
You were not hungry.

You visited 3 branches of the dungeon, and saw 16 of its levels.
You also visited: Ossuary.

You collected 881 gold pieces.

Inventory:

Hand Weapons
 v - a +0 hand axe of chopping
 I - a +1 war axe of electrocution (weapon)
 P - a +0 battleaxe of venom
 Y - a +2 hunting sling of velocity
Missiles
 j - 420 stones (quivered)
 B - 13 javelins
 Z - 77 sling bullets
Armour
 c - a +0 shield (worn)
 J - a +0 cloak (worn)
 X - the +1 ring mail "Jaxyv" (worn) {rPois rCorr Slay+3}
   (You found it on level 1 of the Lair of Beasts)

   It affects your accuracy and damage with ranged weapons and melee attacks
   (+3).
   It protects you from poison.
   It protects you from acid and corrosion.
Jewellery
 a - an uncursed ring of protection from magic
 e - a ring of positive energy (left hand)
 p - a +2 ring of dexterity (right hand)
 z - an uncursed ring of fire
Wands
 i - a wand of lightning (6/15)
 k - a wand of lightning (6/15)
 l - a wand of slowing (38/48)
 y - a wand of enslavement (9/24)
Scrolls
 b - 2 scrolls of enchant armour {unknown}
 g - 6 scrolls of magic mapping
 h - a scroll of amnesia
 m - 8 scrolls of remove curse
 o - 11 scrolls of identify
 r - 3 scrolls of fear
 x - a scroll of brand weapon
 G - 2 scrolls of fog
Potions
 d - a potion of might
 q - 4 potions of flight
 s - 7 potions of curing
 E - 2 potions of cure mutation
 F - a potion of magic
 H - 2 potions of heal wounds
 K - 2 potions of brilliance
 L - 2 potions of lignification
 W - a potion of invisibility
Books
 n - a book of Enchantments

   Spells                             Type                      Level
   a - Cause Fear                     Hexes                        4
   b - Yara's Violent Unravelling     Hexes/Transmutation          5
   c - Silence                        Hexes/Air                    5
   d - Deflect Missiles               Charms/Air                   6
   e - Haste                          Charms                       6
   f - Discord                        Hexes                        8
 u - a book of Geomancy

   Spells                             Type                      Level
   a - Sandblast                      Earth                        1
   b - Passwall                       Transmutation/Earth          2
   c - Stone Arrow                    Conjuration/Earth            3
   d - Petrify                        Transmutation/Earth          4
   e - Lee's Rapid Deconstruction     Earth                        5
Comestibles
 f - 11 bread rations
 t - a meat ration
 w - 5 chunks of flesh


   Skills:
 + Level 10.2 Fighting
 * Level 14.5 Axes
 + Level 7.0 Armour
 + Level 8.0 Dodging
 - Level 2.6 Stealth
 + Level 11.1 Shields


You had 12 spell levels left.
You didn't know any spells.

Dungeon Overview and Level Annotations

Branches:
Dungeon (13/15)            Temple (1/1) D:7            Lair (2/6) D:11
    Orc (0/2) D:9
  Swamp: Lair:2-4    Shoals: Lair:2-4     Snake: Lair:2-4    Spider: Lair:2-4
 Vaults: D:13-14

Altars:
Ashenzari
Cheibriados
Dithmenos
Elyvilon
Hepliaklqana
Kikubaaqudgha
Makhleb
Nemelex Xobeh
Pakellas
Qazlal
Sif Muna
Trog
Uskayaw
Vehumet
Xom
Yredelemnul
Zin
The Shining One

Annotations:
D:13 Rupert
Lair:2 Harold


Innate Abilities, Weirdness & Mutations

You are under a permanent stasis effect.
You can dig through walls and to a lower floor.
Your four strong arms can wield two-handed weapons with a shield.
You have a pair of large antennae on your head. (SInv)
You have sharp toenails.


Message History

The orc warrior hits something with a long sword!!
You kill the orc warrior!
Rupert is no longer sharing his pain.
You slice Rupert!! You claw Rupert, but do no damage.
Rupert is heavily wounded.
Rupert hits you with a triple sword of distortion!
Space bends around you.
You slash Rupert!
Rupert is heavily wounded.
Rupert barely misses you.
You hit Rupert.
There is a sudden explosion of sparks!
Rupert is severely wounded.
Rupert hits you with a triple sword of distortion!!
* * * LOW HITPOINT WARNING * * *
Space bends around you.
* * * LOW HITPOINT WARNING * * *
You closely miss Rupert. Your kick misses Rupert.
Rupert is severely wounded.
Rupert hits you with a triple sword of distortion!!
You die...

#......# #......#
#..._..###
#........#
#......#.#
#....###.# #)####
#.. #<# ##.#####
#)#####)@@...#
#)).)..#.#...#..
#######..........
##†.!......
#......... ####
#.....#.)...####...
###...###..........
##.# ######)## .#
#.#


You could see Rupert (berserk).

Vanquished Creatures
  Snorg (D:11)
  Erolcha (D:13)
  2 centaur warriors (D:13)
  Erica (D:10)
  The ghost of st0uf the Cleaver, a novice FoFi of Hepliaklqana (D:9)
  Sonja (D:11)
  4 hill giants
  An orc knight (D:13)
  A manticore (D:9)
  An ugly thing (D:10)
  Joseph (D:10)
  2 centaur zombies
  2 spiny frogs (Lair:1)
  2 centaur skeletons
  4 komodo dragons
  2 kobold demonologists (D:12)
  3 trolls
  A two-headed ogre (D:9)
  3 wyverns
  2 shadows
  A wraith (D:12)
  A hungry ghost (D:11)
  30 yaks
  A human (D:9)
  4 vampire mosquitoes (D:12)
  3 hippogriffs
  3 water moccasins
  6 porcupines
  Duvessa (D:7)
  A black bear (D:9)
  7 orc warriors
  An ice beast (D:9)
  2 sky beasts
  A necrophage (D:9)
  2 phantoms (D:11)
  A wasp (D:8)
  7 ogres
  5 wolves (Lair:2)
  8 centaurs
  A crocodile (Lair:2)
  3 big kobolds
  A gnoll sergeant (D:6)
  10 giant frogs
  A scorpion (D:6)
  Dowan (D:7)
  A killer bee (D:8)
  2 howler monkeys
  8 wights
  9 crimson imps
  A giant frog zombie (D:12)
  Crazy Yiuf (D:5)
  2 giant frog skeletons
  12 hounds
  2 jellies
  8 orc priests
  4 iguanas
  Jessica (D:3)
  11 orc wizards
  12 worker ants
  4 sheep (D:9)
  A killer bee zombie (D:6)
  3 hound zombies
  A hound skeleton (D:4)
  3 mummies (Ossuary)
  2 worker ant zombies
  10 gnolls
  4 adders
  24 river rats
  3 shadow imps
  4 adder zombies
  3 worms (D:2)
  4 dart slugs
  9 giant geckos
  67 orcs
  5 bats
  4 giant cockroaches
  3 gnoll zombies (Ossuary)
  6 goblins
  5 hobgoblins (D:2)
  8 jackals
  10 kobolds
  3 quokkas
  A ball python (D:2)
  A ball python skeleton (D:4)
  2 giant newts
  3 goblin zombies (Ossuary)
  2 hobgoblin zombies (Ossuary)
  3 kobold zombies (Ossuary)
  An orc zombie (Ossuary)
  2 quokka skeletons
  2 quokka zombies (Ossuary)
  3 rats (D:1)
  A rat zombie (Ossuary)
  A plant (D:11)
420 creatures vanquished.

Vanquished Creatures (others)
  An orc wizard (D:3)
1 creature vanquished.

Grand Total: 421 creatures vanquished

Notes
Turn   | Place    | Note
--------------------------------------------------------------
     0 | D:1      | st0uf the Formicid Fighter began the quest for the Orb.
     0 | D:1      | Reached XP level 1. HP: 18/18 MP: 1/1
   271 | D:1      | Reached XP level 2. HP: 24/24 MP: 2/2
   802 | D:2      | Reached XP level 3. HP: 29/29 MP: 3/3
  1127 | D:2      | Reached XP level 4. HP: 37/37 MP: 4/4
  1241 | D:2      | Found a snail-covered altar of Cheibriados.
  1349 | D:3      | Reached skill level 1 in Dodging
  1421 | D:3      | Found a stormy altar of Qazlal.
  1496 | D:3      | Found a shadowy altar of Dithmenos.
  1587 | D:3      | Noticed Jessica
  1597 | D:3      | Killed Jessica
  1597 | D:3      | Reached XP level 5. HP: 41/42 MP: 5/5
  1630 | D:3      | Found a hide-covered altar of Uskayaw.
  1630 | D:3      | Found a glowing silver altar of Zin.
  1639 | D:3      | Became a worshipper of Uskayaw the Reveler
  1796 | D:3      | Reached * piety under Uskayaw
  1804 | D:3      | Reached skill level 3 in Axes
  1809 | D:4      | Reached ** piety under Uskayaw
  1811 | D:4      | Reached *** piety under Uskayaw
  1812 | D:4      | Reached XP level 6. HP: 36/48 MP: 6/6
  2171 | D:5      | Entered Level 5 of the Dungeon
  2241 | D:5      | Reached skill level 5 in Shields
  2245 | D:5      | Noticed an ogre
  2252 | D:5      | Reached **** piety under Uskayaw
  2255 | D:5      | Reached ***** piety under Uskayaw
  2259 | D:5      | Killed an ogre
  2259 | D:5      | Reached XP level 7. HP: 37/55 MP: 7/7
  2262 | D:5      | Reached skill level 4 in Axes
  2284 | D:5      | Found a sand-covered staircase.
  2294 | Ossuary  | Entered an ossuary
  2854 | D:5      | Reached skill level 5 in Axes
  2854 | D:5      | Reached skill level 1 in Stealth
  2857 | D:5      | HP: 2/55 [hound zombie (2)]
  3237 | D:5      | Found a hazy altar of Hepliaklqana.
  3369 | D:5      | Reached XP level 8. HP: 54/61 MP: 8/8
  3416 | D:5      | Found a sparkling altar of Nemelex Xobeh.
  3714 | D:5      | Reached skill level 5 in Fighting
  3854 | D:5      | Reached skill level 6 in Axes
  3906 | D:5      | Noticed Crazy Yiuf
  3913 | D:5      | Killed Crazy Yiuf
  4165 | D:6      | Reached skill level 5 in Armour
  4165 | D:6      | Reached XP level 9. HP: 12/68 MP: 9/9
  4470 | D:6      | Found a deep blue altar of Sif Muna.
  4744 | D:6      | Reached skill level 7 in Axes
  5098 | D:7      | Got a twisted ring mail
  5099 | D:7      | Identified the +7 ring mail "Nyohanwu" {Str+4 Dex+2} (You found it on level 7 of the Dungeon)
  5134 | D:7      | Noticed Dowan
  5136 | D:7      | Noticed Duvessa
  5139 | D:7      | Killed Dowan
  5196 | D:7      | Killed Duvessa
  5288 | D:7      | Found a staircase to the Ecumenical Temple.
  5291 | Temple   | Entered the Ecumenical Temple
  5355 | D:7      | Gained mutation: You have sharp toenails. [mutagenic meat]
  5823 | D:7      | Found a glowing golden altar of the Shining One.
  6280 | D:8      | Reached skill level 8 in Axes
  6289 | D:8      | Reached XP level 10. HP: 62/76 MP: 5/10
  6487 | D:8      | Reached skill level 5 in Dodging
  6590 | D:8      | Found a shimmering altar of Xom.
  6591 | D:8      | Found a shimmering altar of Xom.
  6591 | D:8      | Found a shimmering altar of Xom.
  6592 | D:8      | Found a shimmering altar of Xom.
  6658 | D:8      | Found a radiant altar of Vehumet.
  6659 | D:8      | Found a burning altar of Makhleb.
  6818 | D:9      | Noticed a manticore
  6826 | D:9      | Killed a manticore
  6826 | D:9      | Reached skill level 9 in Axes
  7098 | D:9      | Found an ancient bone altar of Kikubaaqudgha.
  7135 | D:9      | Found a bloodstained altar of Trog.
  7144 | D:9      | Found an oddly glowing altar of Pakellas.
  7208 | D:9      | Found a staircase to the Orcish Mines.
  7683 | D:9      | Noticed st0uf's ghost (novice FoFi)
  7720 | D:9      | Killed st0uf's ghost
  7720 | D:9      | Reached skill level 10 in Axes
  8259 | D:9      | Reached XP level 11. HP: 84/84 MP: 11/11
  8374 | D:10     | Entered Level 10 of the Dungeon
  8374 | D:10     | Noticed Erica
  8382 | D:10     | Killed Erica
  8419 | D:10     | Reached skill level 11 in Axes
  8435 | D:10     | Noticed a hill giant
  8438 | D:10     | Reached ****** piety under Uskayaw
  8446 | D:10     | Killed a hill giant
  8615 | D:10     | Found a glowing golden altar of the Shining One.
  8633 | D:10     | Noticed a red ugly thing
  8643 | D:10     | Killed a red ugly thing
  8655 | D:10     | Noticed Joseph
  8675 | D:10     | Killed Joseph
  8712 | D:10     | Noticed a hill giant
  8722 | D:10     | Killed a hill giant
  8873 | D:11     | Noticed a hill giant
  8881 | D:11     | Killed a hill giant
  8881 | D:11     | Reached skill level 12 in Axes
  8996 | D:11     | Reached XP level 12. HP: 87/94 MP: 12/12
  9004 | D:11     | Noticed Sonja
  9038 | D:11     | Found a staircase to the Lair.
  9042 | D:11     | Killed Sonja
  9077 | D:11     | Identified a scroll of acquirement
  9348 | D:11     | Noticed Snorg
  9415 | D:11     | Killed Snorg
  9509 | Lair:1   | Entered Level 1 of the Lair of Beasts
  9509 | Lair:1   | Found a shattered altar of Ashenzari.
  9596 | Lair:1   | Reached skill level 13 in Axes
  9642 | Lair:1   | Got an encrusted ring mail
  9654 | Lair:1   | Reached skill level 10 in Shields
 10355 | Lair:1   | Identified the +1 ring mail "Jaxyv" {rPois rCorr Slay+3} (You found it on level 1 of the Lair of Beasts)
 10594 | Lair:2   | Noticed Harold
 10754 | Lair:1   | Noticed an eight-headed hydra
 10864 | D:12     | Reached XP level 13. HP: 94/101 MP: 13/13
 11290 | D:12     | Reached skill level 14 in Axes
 11846 | D:13     | Noticed a centaur warrior
 11853 | D:13     | Killed a centaur warrior
 11853 | D:13     | Reached skill level 10 in Fighting
 12055 | D:13     | Noticed Erolcha
 12060 | D:13     | Killed Erolcha
 12071 | D:13     | Noticed a centaur warrior
 12081 | D:13     | Killed a centaur warrior
 12206 | D:13     | Found a basalt altar of Yredelemnul.
 12239 | D:13     | Noticed Rupert
 12256 | D:13     | Mangled by Rupert

Vault maps used:
D:1:      minmay_arrival_cross, st_stairs_13
D:2:      marbit_many_paths, serial_bayou_crossing
D:3:      grunt_qazlal_clouds, nicolae_overflow_hidden_temple, grunt_decor_cap,
          grunt_dithmenos_smoke, uniq_jessica
D:4:      first_bread, minivault_19
D:5:      lemuel_doored_altar, nemelex_xobeh_ov_fountains_minmay,
          lightli_ossuary_entry_decrepit_ruins, uniq_crazy_yiuf_cottage
D:6:      lemuel_blue_sif_altar
D:7:      nicolae_tso_swordbearing_angel, uniq_duvessa
D:8:      grunt_temple_overflow_lords_of_destruction, xom_redecorated
D:9:      lemuel_round_altar, overflow_temple_1_default, lemuel_crystal_altar,
          hiddenorc2_lemuel, grunt_livestock
D:10:     lemuel_statue_altar, uniq_joseph, uniq_erica
D:11:     david_lair_shrubbed, uniq_snorg, uniq_sonja
D:13:     kennysheep_seaside_town, basic_altar, uniq_josephine, uniq_erolcha,
          uniq_rupert
Temple:   grunt_temple_mini_profane_8
Lair:1:   basic_altar, minivault_23, lemuel_fruit_fields
Lair:2:   grunt_megastairs_1, lemuel_fruit_tree, uniq_harold
Ossuary:  ossuary_minmay_chase

Skill      XL: |  1  2  3  4  5  6  7  8  9 10 11 12 13 |
---------------+----------------------------------------+-----
Shields        | 4 5 6 7 8 9 10 11 | 11.1
Fighting       | 4 5 6 7 8 9 10 | 10.2
Dodging        | 1 2 3 4 5 6 7 8 |  8.0
Axes           | 3 5 6 8 10 12 13 14 | 14.5
Armour         | 4 5 6 7 |  7.0
Stealth        | 1 2 |  2.6

Action                   |  1- 3 |  4- 6 |  7- 9 | 10-12 | 13-15 || total
-------------------------+-------+-------+-------+-------+-------++-------
Melee: War axe           |    95 |   115 |   246 |   392 |   150 ||   998
       Battleaxe         |       |       |   148 |   171 |       ||   319
       Kick              |       |       |    36 |   195 |    56 ||   287
Invok: Stomp             |       |       |     2 |       |       ||     2
       Line Pass         |       |       |     2 |       |     1 ||     3
 Abil: Dig               |       |     4 |     4 |     4 |     2 ||    14
  Use: Potion            |       |       |     2 |     1 |       ||     3
       Scroll            |       |       |    10 |    18 |       ||    28
 Stab: Paralysed         |       |     2 |     8 |    25 |    29 ||    64
       Confused          |       |       |     4 |       |     1 ||     5
       Sleeping          |       |       |       |     2 |       ||     2
  Eat: Chunk             |     1 |     4 |    14 |    17 |     5 ||    41
       Pizza             |       |       |     1 |       |       ||     1
Armor: Scale mail        |    52 |    51 |    68 |       |       ||   171
       Ring mail         |       |       |    39 |   111 |    15 ||   165
       Skin              |       |       |       |     4 |       ||     4
Dodge: Dodged            |    34 |    52 |   141 |   188 |    71 ||   486
Block: Shield            |    51 |    64 |   247 |   257 |    87 ||   706
